 Dungeon Sprint DCSS version 0.30-a0-920-g7493c07aab (webtiles) character file.

Game seed: 4401304736319641802

700 dialectric the Unseen (level 7, -2/37 HPs)
             Began as a Spriggan Brigand on Mar 21, 2023.
             Slain by a neqoxec (5 damage)
             ... in the Dungeon (Sprint II: "The Violet Keep of Menkaure").
             The game lasted 00:00:54 (79 turns).

dialectric the Unseen (Spriggan Brigand)              Turns: 79, Time: 00:00:54

Health: -2/37      AC:  2    Str:  7    XL:     7   Next: 38%
Magic:  8/8        EV: 24    Int: 12    God:
Gold:   486        SH:  0    Dex: 19    Spells: 6/6 levels left

rFire   . . .      SeeInvis +    a - +2 dagger
rCold   . . .      Faith    .    (no shield)
rNeg    . . .      Spirit   .    b - +0 robe
rPois   .          Reflect  .    (helmet restricted)
rElec   .          Rampage  .    c - +0 cloak
rCorr   .          NoTele   +    (gloves unavailable)
Will    +....                    (boots unavailable)
Stlth   ++++++++                 (no amulet)
HPRegen 0.26/turn                (no ring)
MPRegen 0.11/turn                (no ring)

@: on berserk cooldown, hasted and slowed, unable to drink, very quick
A: very small, no large weapons, unfitting armour, see invisible, speed 3,
deformed body, subdued magic 1, inability to drink after injury 1
a: no special abilities


You were in the Dungeon.
You visited 1 branch You collected 486 gold pieces.

Inventory:

Hand Weapons
 a - a +2 dagger (weapon)
Missiles
 d - 7 poisoned darts (quivered)
 e - 3 curare-tipped darts
Armour
 b - a +0 robe (worn)
 c - a +0 cloak (worn)
Scrolls
 k - a scroll of blinking
Potions
 f - a potion of curing
 i - 2 potions of magic


   Skills:
 + Level 3.8 Fighting
 + Level 6.3 Short Blades
 - Level 2.0 Throwing
 * Level 9.5 Dodging
 + Level 19.7 Stealth


You had 6 spell levels left.
You didn't know any spells.
Your spell library was empty.

Dungeon Overview and Level Annotations

Branches:
Dungeon (1/1)

Altars:

Shops:
D *(=:!!?


Innate Abilities, Weirdness & Mutations

You are very small and have problems with some larger weapons.
You are too small for most types of armour.
You have supernaturally acute eyesight. (SInv)
You cover ground extremely quickly. (Speed+++)
Armour fits poorly on your strangely shaped body.
Your spells are a little easier to cast, but a little less powerful.
You occasionally lose the ability to drink potions when taking damage.


Message History

The neqoxec is lightly wounded.
The neqoxec gestures at you.
Strange energies course through your body.
You barely miss the neqoxec.
The neqoxec is lightly wounded.
The neqoxec completely misses you.
You hit the neqoxec but do no damage.
The neqoxec is lightly wounded.
The neqoxec hits you!
* * * LOW HITPOINT WARNING * * *
You hit the neqoxec.
The neqoxec is lightly wounded.
You completely miss the neqoxec.
The neqoxec is lightly wounded.
The neqoxec gestures at you.
Strange energies course through your body.
You occasionally lose the ability to drink potions when taking damage.
Unknown command.
Throw: 9 darts (poison)
Press: ? - help, Q - select action, (/) - cycle Shift-Dir - straight line, f - neqoxec
Aim: a neqoxec (lightly wounded, 56% to hit)
You throw a poisoned dart. The poisoned dart misses the neqoxec.
The neqoxec hits you.
* * * LOW HITPOINT WARNING * * *
Throw: 8 darts (poison)
Press: ? - help, Q - select action, (/) - cycle Shift-Dir - straight line, f/p - neqoxec
Aim: a neqoxec (lightly wounded, 56% to hit)
You throw a poisoned dart.
The poisoned dart closely misses the neqoxec.
The neqoxec hits you.
* * * LOW HITPOINT WARNING * * *
Unknown command.
Unknown command.
You hit the neqoxec.
The neqoxec is moderately wounded.
You hit the neqoxec.
The neqoxec is heavily wounded.
The neqoxec hits you.
You feel threatened and lose the ability to drink potions!
You die...

######~ ∩....#~ ##
## .....#~ ##. .##
∩.∩..#~ .B B.
.∩.⌠.#~ ## .#$ ##
∩.∩..#~##.# #+###(#
.∩...#~#.####.##3#
+~'##.'.<.@$#
.....#~#.†.##.##..#
▓▓▓###~##†###'###.#
######~ ####...####
## #.)#..# ##...##
##+##


You could see a neqoxec.

Vanquished Creatures
  A merfolk siren (D)
  3 neqoxecs (D)
  3 worms (D)
7 creatures vanquished.

Notes
Turn   | Place    | Note
-------+----------+-------------------------------------------
     0 | D        | dialectric the Spriggan Brigand began the quest for the
                  | Orb.
     0 | D        | Reached XP level 1. HP: 10/10 MP: 2/2
     1 | D        | Noticed a boulder beetle
     1 | D        | Noticed a boulder beetle
     8 | D        | Reached skill level 7 in Stealth
    11 | D        | Found Nace Atsiwk's Magic Scroll Emporium.
    11 | D        | Found Powonad's Book Shoppe.
    11 | D        | Found Gyem's Distillery.
    12 | D        | Found Riucoyju's Distillery.
    12 | D        | Found Ubehaor's Jewellery Shoppe.
    12 | D        | Found Fajyas's Antique Weapon Emporium.
    12 | D        | Found Cijeh's General Store.
    15 | D        | Reached skill level 8 in Stealth
    15 | D        | Reached XP level 2. HP: 15/15 MP: 3/3
    23 | D        | Noticed a merfolk siren
    26 | D        | Killed a merfolk siren
    27 | D        | Reached skill level 5 in Short Blades
    27 | D        | Reached skill level 16 in Stealth
    27 | D        | Reached XP level 3. HP: 20/20 MP: 4/4
    27 | D        | Reached XP level 4. HP: 24/24 MP: 5/5
    27 | D        | Reached XP level 5. HP: 28/28 MP: 6/6
    27 | D        | Reached XP level 6. HP: 32/32 MP: 7/7
    35 | D        | Noticed a neqoxec
    35 | D        | Noticed a neqoxec
    35 | D        | Noticed a neqoxec
    35 | D        | Noticed a neqoxec
    37 | D        | Killed a neqoxec
    38 | D        | Reached skill level 18 in Stealth
    46 | D        | Gained mutation: Your spells are a little easier to cast,
                  | but a little less powerful. [a neqoxec]
    53 | D        | Killed a neqoxec
    54 | D        | Reached XP level 7. HP: 32/36 MP: 8/8
    56 | D        | Gained mutation: Armour fits poorly on your strangely
                  | shaped body. [a neqoxec]
    65 | D        | Killed a neqoxec
    66 | D        | Reached skill level 19 in Stealth
    75 | D        | Gained mutation: You occasionally lose the ability to drink
                  | potions when taking damage. [a neqoxec]
    79 | D        | Slain by a neqoxec

Illustrated notes

Levels and vault maps discovered:
D:        the_violet_keep_of_menkaure [sprint2_stairs_cluster_1,
          sprint2_shoproom, sprint2_temple, sprint2_basic_supplies,
          sprint2_obstacle_1, sprint2_obstacle_4, sprint2_obstacle_3,
          sprint2_obstacle_5, sprint2_obstacle_6, sprint2_timed_cluster_1,
          sprint2_smallroom_cluster_1, sprint2_smallroom_final_cluster_1,
          sprint2_transparent_cluster_1, sprint2_second_timed_cluster_1,
          sprint2_sniper_area_1, sprint2_heavy_combat_area_1,
          sprint2_mutation_trap_area_1, sprint2_forest_area_1,
          sprint2_light_combat_area_1, sprint2_behind_water_1,
          sprint2_near_end_vault_1]

Skill      XL: |  1  2  3  4  5  6  7 |
---------------+----------------------+-----
Stealth        | 8 16 18 19 | 19.7
Fighting       | 2 3 |  3.8
Short Blades   | 5 6 |  6.3
Dodging        | 7 9 |  9.5
Throwing       | |  2.0

Action                     |  1- 3 |  4- 6 |  7- 9 || total
---------------------------+-------+-------+-------++-------
  Melee: Dagger            |     4 |    13 |    21 ||    38
  Throw: Dart              |       |       |     2 ||     2
    Use: Potion            |       |     1 |     2 ||     3
   Stab: Sleeping          |     4 |     1 |       ||     5
  Dodge: Dodged            |       |     3 |     9 ||    12

Table legend: (Time is in decaauts)
 A = Elapsed time spent in this place.
 B = Non-inter-level travel time spent in this place.
 C = Inter-level travel time spent in this place.
 D = Time resting spent in this place.
 E = Time spent auto-exploring this place.
 F = Levels seen in this place.
 G = Mean time per level.
                   A        B        C        D        E       F      G
               +--------+--------+--------+--------+--------+-----+--------+
         Total |     52 |     52 |      0 |      0 |      0 |   1 |   52.0 |
       Dungeon |     52 |     52 |      0 |      0 |      0 |   1 |   52.0 |
               +--------+--------+--------+--------+--------+-----+--------+

Top non-repeatable levels by time:
       D: 52 daAuts
